 Dungeon Crawl Stone Soup version 0.25.0-9-g26727b657a (webtiles) character file.

Game seed: 3076113015337844577

582678 MordorOrchid the Sage (level 26, -3/269 HPs)
             Began as a Gnoll Wizard on June 15, 2020.
             Was a High Priest of Sif Muna.
             Slain by Antaeus
             ... wielding the +7 mace of Variability {chain chaos}
              (16 damage)
             ... on level 7 of Cocytus on June 17, 2020.
             The game lasted 10:30:19 (44762 turns).

MordorOrchid the Sage (Gnoll Wizard)               Turns: 44762, Time: 10:30:20

Health: -3/269     AC: 32    Str: 12    XL:     26   Next: 72%
Magic:  25/53      EV: 25    Int: 31    God:    Sif Muna [*****.]
Gold:   401        SH: 14    Dex: 15    Spells: 4/60 levels left

rFire    + . .     SeeInvis +     - Unarmed
rCold    + . .     Gourm    .   r - +0 kite shield
rNeg     + . .     Faith    .   (armour currently unavailable)
rPois    ∞         Spirit   .   N - +0 helmet {SInv}
rElec    +         Reflect  .   w - scarf {+Inv}
rCorr    .         Harm     .   (gloves currently unavailable)
MR       +....                  (boots currently unavailable)
Stlth    ++++......             a - amulet of Akhy {RegenMP rF+}
HPRegen  0.54/turn              P - ring of magical power
MPRegen  0.58/turn              Z - ring of Ebbef {Wiz rC+ Int+2 Stlth+}

@: statue-form, hasted, very slow
A: distributed training, fangs 1, deformed body, strong nose
}: 4/15 runes: decaying, serpentine, slimy, silver
a: End Transformation, Channel Magic, Forget Spell, Divine Exegesis, Renounce
Religion, Evoke Invisibility


You were on level 7 of Cocytus.
You worshipped Sif Muna.
Sif Muna was extremely pleased with you.
You were not hungry.
You were a stone statue.
You visited 12 branches of the dungeon, and saw 58 of its levels.
You visited the Abyss 1 time.
You visited 1 bazaar.
You also visited: Bailey and Ice Cave.

You collected 7143 gold pieces.
You spent 6742 gold pieces at shops.

Inventory:

Hand Weapons
 p - a +9 demon trident of electrocution
 y - a +4 short sword of electrocution
Missiles
 v - 33 boomerangs
 z - 15 curare-tipped darts (quivered)
 I - 1628 arrows
 M - 7 datura-tipped darts
 Y - 6 javelins
Armour
 j - the +10 scale mail of Old and Reckless (melded) {rC++ rN+ Str+3 Dex-5}
   (You bought it in a shop in a bazaar)

   It affects your strength (+3).
   It affects your dexterity (-5).
   It greatly protects you from cold.
   It protects you from negative energy.
 m - a +1 pair of gloves of dexterity (melded)
 r - a +0 kite shield (worn)
 w - a scarf of invisibility (worn)
 F - a +2 pair of boots of running (melded)
 N - a +0 helmet of see invisible (worn)
Jewellery
 a - the amulet of Akhy (around neck) {RegenMP rF+}
   (You found it on level 3 of the Elven Halls)

   [amulet of magic regeneration]

   It increases your magic regeneration.
   It protects you from fire.
 x - the ring "Noora" {rC+ rN+ MR+ Str+6 Dex+4}
   (You found it on level 1 of the Lair of Beasts)

   [ring of strength]

   It affects your strength (+6).
   It affects your dexterity (+4).
   It protects you from cold.
   It protects you from negative energy.
   It affects your resistance to hostile enchantments.
 P - a ring of magical power (left hand)
 Z - the ring of Ebbef (right hand) {Wiz rC+ Int+2 Stlth+}
   (You took it off a deep elf master archer on level 3 of the Elven Halls)

   [ring of wizardry]

   It improves your spell success rate.
   It affects your intelligence (+2).
   It protects you from cold.
   It makes you more stealthy.
Wands
 c - a wand of digging (22)
 t - a wand of polymorph (24)
 A - a wand of enslavement (15)
 G - a wand of acid (40)
 K - a wand of clouds (27)
 U - a wand of iceblast (9)
 W - a wand of paralysis (42)
Scrolls
 g - 6 scrolls of immolation
 i - 2 scrolls of fear
 l - a scroll of summoning
 B - 8 scrolls of blinking
 E - 22 scrolls of teleportation
 J - 7 scrolls of fog
 L - 23 scrolls of identify
 O - 3 scrolls of remove curse
Potions
 e - 13 potions of haste
 k - 26 potions of curing
 o - 3 potions of resistance
 s - 10 potions of heal wounds
 u - 7 potions of mutation
 C - 6 potions of magic
 H - 11 potions of might
 T - 6 potions of cancellation
 V - 8 potions of ambrosia
Miscellaneous
 b - the horn of Geryon
 n - a lightning rod (4/4)
 q - 8 boxes of beasts
 D - 4 phantom mirrors
 Q - a tin of tremorstones (3/3)
Comestibles
 d - 91 rations


   Skills:
 + Level 16.8 Fighting
 + Level 16.8 Short Blades
 + Level 16.8 Long Blades
 + Level 16.8 Axes
 + Level 16.8 Maces & Flails
 + Level 16.8 Polearms
 + Level 16.8 Staves
 + Level 16.8 Slings
 + Level 16.8 Bows
 + Level 16.8 Crossbows
 + Level 16.8 Throwing
 + Level 16.8 Armour
 + Level 17.2 Dodging
 + Level 17.2 Stealth
 + Level 16.8 Shields
 + Level 16.8 Unarmed Combat
 + Level 17.9 Spellcasting
 + Level 14.6 Conjurations
 + Level 14.5 Hexes
 + Level 14.5 Charms
 + Level 14.6 Summonings
 + Level 14.5 Necromancy
 + Level 14.6 Translocations
 + Level 14.5 Transmutations
 + Level 14.5 Fire Magic
 + Level 14.5 Ice Magic
 + Level 14.5 Air Magic
 + Level 14.5 Earth Magic
 + Level 14.5 Poison Magic
 + Level 18.1 Invocations
 + Level 16.8 Evocations


You had 4 spell levels left.
You knew the following spells:

 Your Spells              Type           Power        Failure   Level  Hunger
a - Magic Dart            Conj           ####         0%          1    None
b - Sticks to Snakes      Tmut           #######.     0%          2    None
g - Mephitic Cloud        Conj/Pois/Air  #######.     0%          3    None
h - Bolt of Magma         Conj/Fire/Erth #######...   1%          5    None
j - Summon Lightning Spi  Summ/Air       #######.     1%          4    None
p - Passage of Golubria   Tloc           N/A          1%          4    None
r - Irradiate             Conj/Tmut      #######...   1%          5    None
s - Summon Forest         Summ/Tloc      #######...   1%          5    None
u - Animate Skeleton      Necr           N/A          0%          1    None
w - Passwall              Tmut/Erth      #######.     0%          2    None
x - Blink                 Tloc           N/A          0%          2    None
z - Apportation           Tloc           ######       0%          1    None
A - Confusing Touch       Hex            #######.     0%          3    None
E - Borgnjor's Vile Clut  Necr/Erth      #######...   1%          5    None
S - Malign Gateway        Summ/Tloc      #######...   1%          7    ####...
Y - Statue Form           Tmut/Erth      #######..    1%          6    None

Your spell library contained the following spells:

 Spells                   Type           Power        Failure   Level  Hunger
 Beastly Appendage        Tmut           ######       0%          1    None
 Corona                   Hex            #######      0%          1    None
 Foxfire                  Conj/Fire      ####         0%          1    None
 Freeze                   Ice            ####         0%          1    None
 Infusion                 Chrm           ####         0%          1    None
 Pain                     Necr           ####         0%          1    None
 Sandblast                Erth           ######       0%          1    None
 Shock                    Conj/Air       ####         0%          1    None
 Sting                    Tmut/Pois      ####         0%          1    None
 Summon Butterflies       Summ           #######.     0%          1    None
 Summon Small Mammal      Summ           ####         0%          1    None
 Call Imp                 Summ           #######.     0%          2    None
 Corpse Rot               Necr/Air       N/A          0%          2    None
 Ensorcelled Hibernation  Hex/Ice        ######       0%          2    None
 Poisonous Vapours        Pois/Air       ######       0%          2    None
 Searing Ray              Conj           ######       0%          2    None
 Shroud of Golubria       Chrm/Tloc      ######       0%          2    None
 Slow                     Hex            #######.     0%          2    None
 Song of Slaying          Chrm           #######.     0%          2    None
 Sublimation of Blood     Necr           #######...   0%          2    None
 Swiftness                Chrm/Air       #######.     0%          2    None
 Call Canine Familiar     Summ           #######.     0%          3    None
 Conjure Flame            Conj/Fire      #######.     0%          3    None
 Dazzling Flash           Conj/Hex       ######       0%          3    None
 Frozen Ramparts          Ice            ######       0%          3    None
 Gell's Gravitas          Tloc           #######...   0%          3    None
 Ignite Poison            Fire/Tmut/Pois #######.     0%          3    None
 Inner Flame              Hex/Fire       #######.     0%          3    None
 Lesser Beckoning         Tloc           #######...   0%          3    None
 Ozocubu's Armour         Chrm/Ice       #######.     0%          3    None
 Portal Projectile        Hex/Tloc       ######       0%          3    None
 Recall                   Summ/Tloc      N/A          0%          3    None
 Spectral Weapon          Hex/Chrm       #######.     0%          3    None
 Spider Form              Tmut/Pois      #######...   0%          3    None
 Static Discharge         Conj/Air       #######.     0%          3    None
 Stone Arrow              Conj/Erth      ######       0%          3    None
 Summon Guardian Golem    Hex/Summ       #######.     0%          3    None
 Teleport Other           Tloc           #######.     0%          3    None
 Tukima's Dance           Hex            #######.     0%          3    None
 Vampiric Draining        Necr           #######...   0%          3    None
 Airstrike                Air            #######...   1%          4    None
 Animate Dead             Necr           N/A          1%          4    None
 Cause Fear               Hex            #######...   1%          4    None
 Dispel Undead            Necr           #######.     1%          4    None
 Fulminant Prism          Conj/Hex       #######...   1%          4    None
 Hailstorm                Conj/Ice       #######.     1%          4    None
 Ice Form                 Ice/Tmut       #######.     1%          4    None
 Iskenderun's Mystic Bla  Conj/Tloc      #######.     1%          4    None
 Leda's Liquefaction      Hex/Erth       #######...   1%          4    None
 Olgreb's Toxic Radiance  Pois           #######.     1%          4    None
 Petrify                  Tmut/Erth      #######.     1%          4    None
 Sticky Flame             Conj/Fire      #######.     1%          4    None
 Summon Ice Beast         Ice/Summ       #######.     1%          4    None
 Agony                    Necr           #######.     1%          5    None
 Alistair's Intoxication  Tmut/Pois      #######.     1%          5    None
 Aura of Abjuration       Summ           #######...   1%          5    None
 Blade Hands              Tmut           #######...   1%          5    None
 Excruciating Wounds      Chrm/Necr      #######...   1%          5    None
 Fireball                 Conj/Fire      #######...   1%          5    None
 Iskenderun's Battlesphe  Conj/Chrm      #######.     1%          5    None
 Lee's Rapid Deconstruct  Erth           #######...   1%          5    None
 Lightning Bolt           Conj/Air       #######...   1%          5    None
 Metabolic Englaciation   Hex/Ice        #######...   1%          5    None
 Silence                  Hex/Air        #######...   1%          5    None
 Summon Demon             Summ           #######...   1%          5    None
 Summon Mana Viper        Hex/Summ       #######.     1%          5    None
 Yara's Violent Unravell  Hex/Tmut       #######...   1%          5    None
 Conjure Ball Lightning   Conj/Air       #######...   1%          6    None
 Darkness                 Hex            #######...   1%          6    None
 Death Channel            Necr           #######...   1%          6    None
 Dispersal                Tloc           #######...   1%          6    None
 Eringya's Noxious Bog    Tmut/Pois      #######...   1%          6    None
 Freezing Cloud           Conj/Ice/Air   #######...   1%          6    None
 Hydra Form               Tmut           #######...   1%          6    None
 Invisibility             Hex            #######.     1%          6    None
 Iron Shot                Conj/Erth      #######...   1%          6    None
 Ozocubu's Refrigeration  Ice            #######...   1%          6    None
 Shadow Creatures         Summ           N/A          1%          6    None
 Simulacrum               Ice/Necr       #######...   1%          6    None
 Starburst                Conj/Fire      #######...   1%          6    None
 Dragon Form              Tmut           #######...   1%          7    ####...
 Haunt                    Necr/Summ      #######...   1%          7    ####...
 Monstrous Menagerie      Summ           #######...   1%          7    ####...
 Orb of Destruction       Conj           #######...   1%          7    ####...
 Ring of Flames           Chrm/Fire      #######...   1%          7    ####...
 Spellforged Servitor     Conj/Summ      #######...   1%          7    ####...
 Summon Greater Demon     Summ           #######...   1%          7    ####...
 Summon Hydra             Summ           #######...   1%          7    ####...
 Chain Lightning          Conj/Air       #######...   10%         8    #####..
 Controlled Blink         Tloc           N/A          10%         8    #####..
 Disjunction              Tloc           #######...   10%         8    #####..
 Lehudib's Crystal Spear  Conj/Erth      #######...   10%         8    #####..
 Summon Horrible Things   Summ           #######...   10%         8    #####..
 Borgnjor's Revivificati  Necr           #######...   11%         8    #####..
 Death's Door             Chrm/Necr      #######...   11%         8    #####..
 Discord                  Hex            #######...   11%         8    #####..
 Ignition                 Fire           #######...   11%         8    #####..
 Infestation              Necr           #######...   11%         8    #####..
 Necromutation            Tmut/Necr      #######...   11%         8    #####..
 Dragon's Call            Summ           #######...   78%         9    #######
 Absolute Zero            Ice            #######...   80%         9    #######
 Fire Storm               Conj/Fire      #######...   80%         9    #######
 Shatter                  Erth           #######...   80%         9    #######
 Tornado                  Air            #######...   80%         9    #######


Dungeon Overview and Level Annotations

Branches:
Dungeon (15/15)            Temple (1/1) D:5            Lair (6/6) D:10
  Swamp (4/4) Lair:3        Snake (4/4) Lair:4        Slime (5/5) Lair:5
    Orc (2/2) D:12            Elf (3/3) Orc:2        Vaults (5/5) D:13
  Crypt (0/3) Vaults:3     Depths (5/5) D:15           Hell (visited)
    Dis (0/7) Hell            Geh (0/7) Hell            Coc (7/7) Hell
    Tar (0/7) Hell            Zot (0/5) Depths:5     Bailey (visited)
  IceCv (visited)

Altars:
Ashenzari
Cheibriados
Dithmenos
Elyvilon
Fedhas
Gozag
Hepliaklqana
Kikubaaqudgha
Makhleb
Nemelex Xobeh
Okawaru
Qazlal
Ru
Sif Muna
Trog
Uskayaw
Vehumet
Wu Jian
Xom
Yredelemnul
Zin
The Shining One
Beogh
Jiyva
Lugonu

Shops:
D:7 *   D:10 %   D:13 }   Orc:2 **=[   Snake:4 ?%   Vaults:1 ?   Vaults:3 !
Vaults:5 !!!%??%!   Depths:1 }=}

Portals:
Hell: Depths:1 Depths:2 Depths:3 Depths:4 Depths:5
Abyss: Depths:3 Depths:4 Depths:5
Pandemonium: Depths:1 Depths:2 Depths:3 Depths:4
Ziggurat: Depths:3
Trove: Elf:2 (give 5 potions of resistance)

Annotations:
D:14 Jorgrun
D:15 Roxanne
Snake:1 1 runed translucent door, Tarias's ghost, adept FoVM
Elf:2 3 runed translucent doors
Vaults:1 Xtahua
Coc:7 Antaeus


Innate Abilities, Weirdness & Mutations

Your experience applies equally to all skills.
You have very sharp teeth.
Your uncanny sense of smell can sniff out nearby items.
Armour fits poorly on your strangely shaped body.


Message History

A titan simulacrum comes into view.
You block the Ice Fiend's attack. The Ice Fiend claws you!
The Ice Fiend freezes you!! You resist.
* * * LOW HITPOINT WARNING * * *
Unknown command.
You enter the shallow water.
Moving in this stuff is going to be slow.
An anaconda simulacrum comes into view.
The zombie hands constrict the Ice Fiend!
The anaconda simulacrum bites your eldritch tentacle segment but does no damage.
The Ice Fiend calls on the powers of darkness!
Your body is wracked with pain!
* * * LOW HITPOINT WARNING * * *
The anaconda simulacrum bites your eldritch tentacle segment!
The anaconda simulacrum freezes your eldritch tentacle segment.
Your eldritch tentacle segment completely resists.
Antaeus hits you with the +7 mace of Variability {chain chaos}!!!
* * * LOW HITPOINT WARNING * * *
Antaeus freezes you! You resist.
You die...

.......#,,,***,∆*#...#...#.≈≈≈≈≈≈
°○.#...#.,,,*,*,*#..#.....#.≈≈≈≈≈
.○.....##.,,,*∆,*#.....Z..#,≈≈≈≈≈
21....##*).,,,,,*##......#.≈≈≈≈≈≈
#.[..#.##*#.,,**##.♣....#.≈≈≈≈≈≈≈
°####.≈.##♣#2#♣♣#§§.####.≈≈≈≈≈≈≈≈
○☼1.$≈≈≈.♣≈≈§§2♣§§1≈1...Z≈≈≈≈≈≈≈≈
°≈≈≈≈≈≈.#.♣≈w≈§§#C°≈°Z≈≈≈≈≈≈≈≈≈≈≈
≈≈≈≈≈≈.#...≈≈\§§8♣.≈≈≈≈≈≈≈≈≈≈≈≈≈≈
≈≈≈≈≈≈.#.♣♣#≈§Λ§§♣.≈≈≈≈≈≈≈≈≈≈≈≈≈≈
≈≈≈≈≈≈.#.....w.*.♣.≈≈≈≈≈≈≈≈≈≈≈≈≈≈
≈≈≈≈≈≈.#....♣#Z..#.≈≈≈≈≈≈≈≈≈≈≈≈≈≈
\≈≈≈≈≈≈.#.......♣.≈≈≈≈≈≈≈≈≈≈≈****
$*≈≈≈≈≈≈.#..♣..#.≈≈≈≈≈≈≈≈≈≈≈**
≈≈≈≈≈≈≈≈≈.##.♣♣,≈≈≈≈≈≈≈≈≈≈≈≈*
≈≈≈≈≈≈≈≈≈≈,.≈,,≈≈≈≈≈≈≈≈≈≈≈≈≈*
≈≈≈≈≈≈≈≈≈≈≈≈≈≈≈≈≈≈≈≈≈≈≈≈≈≈≈≈*


You could see Antaeus, 2 Ice Fiends, a reaper, an anaconda simulacrum, a
manticore zombie and a friendly eldritch tentacle.

Vanquished Creatures
  the Royal Jelly (Slime:5)
  2 ancient liches
  A juggernaut (Depths:2)
  Sojobo (Vaults:1)
  A shard shrike (Coc:7)
  Bai Suzhen (Vaults:3)
  Frederick (Vaults:1)
  Margery (Vaults:3)
  A golden dragon (Depths:5)
  Geryon (Hell)
  2 bone dragons (Coc:7)
  2 tentacled monstrosities
  4 Ice Fiends (Coc:7)
  2 deep elf blademasters (Elf:3)
  Rupert (Snake:1)
  2 liches
  2 deep elf master archers (Elf:3)
  A quicksilver dragon (Depths:4)
  A sphinx (Depths:2)
  Murray (Hell)
  8 titans
  A sphinx (shapeshifter) (Depths:4)
  10 acid blobs
  2 ancient champions (Hell)
  Kirke (Lair:4)
  A shadow dragon (Vaults:5)
  Donald (Vaults:2)
  2 shadow dragons (shapeshifter) (Depths:4)
  8 tengu reavers
  2 thorn hunters (Swamp:4)
  8 nagarajas (Snake:4)
  2 storm dragons
  A tentacled starspawn (Abyss:3)
  13 azure jellies
  10 fire giants
  5 iron dragons
  2 ghost moths (Depths:4)
  6 vault wardens
  2 deep elf sorcerers (Elf:3)
  A cacodemon (Hell)
  Aizul (Snake:1)
  10 frost giants
  2 orc warlords
  A ghoul (Vaults:3)
  4 deep elf elementalists
  6 war gargoyles
  A spriggan defender (Vaults:1)
  3 hydra skeletons
  4 ironheart preservers
  7 reapers
  23 very ugly things
  5 deep elf demonologists
  16 stone giants
  4 vampire knights
  A green draconian (Abyss:3)
  An elemental wellspring (Coc:7)
  6 deep elf annihilators
  A lorocyproca (Depths:4)
  Azrael (D:12)
  A red draconian (Depths:5)
  The ghost of Squonk the Frost Mage, a journeyman DgIE (Lair:4)
  A white draconian (Depths:5)
  9 spark wasps
  2 blizzard demons
  The ghost of Kubamp the Thaumaturge, a journeyman DEAE of Sif Muna (Lair:3)
  Snorg (Lair:3)
  A purple draconian (Depths:5)
  14 ettins
  10 fire dragons
  5 deep elf death magi
  A quicksilver dragon zombie (Coc:7)
  2 jiangshi (Depths:5)
  2 fire dragons (shapeshifter) (Depths:4)
  3 death oozes
  18 ice dragons
  10 yaktaur captains
  8 great orbs of eyes
  6 deep elf high priests
  3 rakshasas
  5 spriggan air magi
  12 hydras
  Fannar (Lair:2)
  17 vault guards
  A death knight (Vaults:3)
  3 juggernaut simulacra (Depths:4)
  A ghost crab (Swamp:3)
  4 alligators
  5 naga warriors
  9 ogre magi
  The ghost of Ecricw the Destroyer, a novice DgAE (Lair:1)
  13 centaur warriors
  A shambling mangrove (Swamp:4)
  9 anacondas
  15 dancing weapons
  24 two-headed ogres
  6 deep troll earth magi
  5 deep troll shamans
  2 shock serpents
  4 spriggan berserkers
  8 tengu warriors
  9 naga sharpshooters
  A thrashing horror (Abyss:3)
  A titan zombie (Depths:3)
  A shock serpent (shapeshifter) (D:15)
  An orc high priest (Orc:2)
  A vampire mage (Depths:5)
  The ghost of Imnulubo the Destroyer, a novice TeFE of Vehumet (Lair:1)
  A titan skeleton (Hell)
  Nergalle (D:12)
  2 fire crabs (shapeshifter)
  13 hell knights
  12 deep elf knights
  5 sun demons
  2 spriggans (Depths:3)
  A soul eater (Hell)
  A shadow wraith (Vaults:3)
  2 sixfirhies
  2 salamander mystics
  An iron troll (Depths:1)
  An unseen horror (shapeshifter) (Depths:2)
  5 swamp dragons
  5 sea snakes
  11 skeletal warriors
  A storm dragon skeleton (Depths:3)
  3 unseen horrors
  A spriggan druid (Swamp:4)
  A death drake (shapeshifter) (Depths:3)
  A gelid demonspawn (Depths:3)
  A spectral hydra (Swamp:4)
  19 deep trolls
  4 glowing orange brains
  A glowing orange brain (shapeshifter) (Depths:4)
  Pikel (D:4)
  A flayed ghost (Swamp:4)
  An anaconda zombie (Coc:7)
  2 phantasmal warriors
  11 naga ritualists
  6 wizards
  A harpy (Vaults:1)
  12 deep elf archers
  12 ironbrand convokers
  14 orc knights
  2 tengu zombies (Vaults:3)
  A lindwurm (Lair:6)
  55 ugly things
  A mana viper (shapeshifter) (Depths:4)
  10 necromancers
  2 wolf spiders
  9 orc sorcerers
  4 salamanders
  44 deep elf magi
  2 shining eyes
  5 mana vipers
  A sphinx skeleton (Depths:3)
  4 oklob plants
  35 slime creatures
  5 cyclopes
  A manticore (D:12)
  A salamander (shapeshifter) (Vaults:3)
  4 elephants
  3 centaur zombies
  3 large abominations (Abyss:3)
  36 black mambas
  An eye of devastation (Slime:5)
  A rust devil (Depths:5)
  An elephant (shapeshifter) (Vaults:5)
  A water nymph (shapeshifter) (Depths:2)
  A frost giant skeleton (Coc:6)
  9 guardian serpents
  15 naga magi
  An orange demon (Abyss:3)
  2 ice statues
  7 vault sentinels
  2 gargoyles (D:10)
  A titan simulacrum (Coc:7)
  A molten gargoyle (Hell)
  2 torpor snails (Lair:6)
  A smoke demon (Abyss:3)
  18 spiny frogs
  2 human zombies (Vaults:3)
  A spiny frog (shapeshifter) (Vaults:2)
  A hellion (Hell)
  3 rime drakes (Lair:3)
  2 tormentors
  A yaktaur (shapeshifter) (Vaults:2)
  23 yaktaurs
  4 komodo dragons
  11 ice devils
  An efreet (D:15)
  11 freezing wraiths
  2 guardian mummies (Elf:2)
  2 anaconda simulacra (Coc:7)
  3 hydra zombies
  4 tengu conjurers
  2 red devils
  7 trolls
  2 polar bears
  A tyrant leech (shapeshifter) (Vaults:5)
  A death drake zombie (Swamp:4)
  10 hornets
  2 meliai (shapeshifter)
  2 trolls (shapeshifter)
  A wolf spider simulacrum (D:15)
  A wind drake (shapeshifter) (Elf:2)
  A death drake skeleton (Swamp:4)
  4 tyrant leeches
  A hippogriff (shapeshifter) (Vaults:4)
  2 harpy skeletons
  5 raiju (Abyss:3)
  3 alligator zombies
  A spectral black mamba (Lair:4)
  9 blink frogs
  4 bog bodies
  4 hippogriffs
  13 flying skulls
  A meliai zombie (D:15)
  A fire giant simulacrum (Hell)
  2 air elementals (Elf:2)
  A shadow (Coc:2)
  A centaur simulacrum (D:15)
  5 water elementals
  A wraith (Abyss:3)
  19 yaks
  A vampire (D:10)
  A ynoxinul (Abyss:3)
  A fire bat (shapeshifter) (Depths:3)
  An ice dragon skeleton (Hell)
  13 wyverns
  17 humans (D:13)
  A tarantella (shapeshifter) (Depths:3)
  A golden eye (shapeshifter) (Vaults:1)
  2 hogs (Lair:4)
  14 golden eyes
  13 fire elementals
  A death yak simulacrum (Lair:4)
  A yaktaur simulacrum (Vaults:1)
  A basilisk (Lair:3)
  10 vampire mosquitoes
  2 human simulacra (Vaults:3)
  A redback simulacrum (D:15)
  2 chaos spawn
  9 wargs
  30 nagas
  4 swamp worms
  An acid dragon (Vaults:1)
  2 spiny frog zombies (Hell)
  9 hydra simulacra
  5 insubstantial wisps (Swamp:2)
  10 water moccasins
  7 hell hounds (D:12)
  4 porcupines
  An alligator simulacrum (Hell)
  3 black bears
  41 orc warriors
  4 slaves (D:4)
  4 swamp drakes
  8 ice beasts
  2 swamp dragon zombies (Swamp:4)
  5 eyes of draining
  A phantom (D:6)
  An ettin simulacrum (Hell)
  A black mamba simulacrum (Coc:7)
  A sky beast (D:2)
  18 boggarts
  29 ogres
  A centaur (shapeshifter) (Depths:5)
  14 centaurs
  2 wolves (Lair:4)
  6 crocodiles
  A crocodile (shapeshifter) (Depths:3)
  5 big kobolds
  20 bullfrogs
  A wyvern zombie (D:9)
  An earth elemental (Elf:3)
  2 yaktaur skeletons
  A human skeleton (Vaults:3)
  4 gnoll sergeants (D:12)
  3 scorpions
  A hornet simulacrum (D:15)
  19 killer bees
  A nameless horror (Swamp:4)
  7 wights
  9 electric eels
  5 howler monkeys
  7 crimson imps
  5 jellies
  A quasit (D:13)
  An iron imp (Abyss:3)
  A bullfrog skeleton (D:11)
  20 orc priests
  10 hounds
  28 orc wizards
  3 iguanas
  17 worker ants
  A hound skeleton (D:5)
  A gnoll (D:12)
  7 adders
  A shadow imp (D:12)
  4 white imps
  An ooze (D:1)
  2 adder zombies
  2 adder skeletons
  2 worms (D:2)
  2 dart slugs
  7 leopard geckos
  63 orcs
  4 giant cockroaches
  4 goblins
  6 hobgoblins
  13 jackals
  4 quokkas
  2 ball pythons
  5 bats
  5 frilled lizards
  29 kobolds
  A quokka skeleton (D:4)
  6 rats
  2 briar patches (Swamp:4)
  2 crawling corpses (Elf:3)
  A fungus (Elf:3)
  4 plants
  A snaplasher vine (Depths:5)
  2 starspawn tentacles (Abyss:3)
1763 creatures vanquished.

Vanquished Creatures (collateral kills)
  Mara (Snake:4)
  A juggernaut (Depths:5)
  A shard shrike (Coc:7)
  A bone dragon (Coc:2)
  2 liches
  A titan (Vaults:5)
  Asterion (Snake:1)
  A quicksilver dragon (Vaults:5)
  A deep elf master archer (Depths:4)
  5 acid blobs
  4 sphinxes
  A storm dragon (Vaults:5)
  A tentacled starspawn (Abyss:3)
  A thorn hunter (Swamp:4)
  2 shadow dragons (Vaults:5)
  6 tengu reavers
  An azure jelly (Slime:5)
  4 nagarajas (Snake:4)
  3 frost giants
  4 deep elf sorcerers (Elf:3)
  A draconian scorcher (Depths:5)
  2 draconian annihilators
  2 iron dragons
  2 reapers
  2 stone giants
  5 ironheart preservers
  3 deep elf elementalists (Elf:3)
  6 very ugly things
  A juggernaut skeleton (Depths:3)
  A vampire knight (Swamp:4)
  A lorocyproca (Depths:4)
  2 deep elf annihilators
  2 black draconians (Depths:5)
  A deep elf demonologist (Elf:3)
  A white draconian (Depths:5)
  A yellow draconian (Depths:5)
  A spark wasp (Depths:1)
  5 blizzard demons
  9 ettins
  2 deep elf death magi
  A death ooze (Slime:5)
  5 yaktaur captains
  4 great orbs of eyes
  A kraken zombie (Coc:7)
  8 fire dragons
  10 vault guards
  3 centaur warriors
  7 ice dragons
  5 hydras
  7 ogre magi
  11 anacondas
  The ghost of lysyklops the Destroyer, a journeyman DrCj of Nemelex Xobeh (Lair:1)
  A death knight (D:14)
  9 two-headed ogres
  2 deep troll shamans
  A tengu warrior (Depths:5)
  8 alligators
  2 deep troll earth magi
  A vampire mage (Depths:2)
  2 spriggan berserkers
  A naga sharpshooter (Snake:1)
  2 shock serpents
  Urug (Lair:2)
  A soul eater (Hell)
  Sonja (D:13)
  5 deep elf knights
  2 titan skeletons (Coc:5)
  An iron troll (Depths:5)
  2 hell knights
  2 salamander mystics
  15 skeletal warriors
  A shadow wraith (Vaults:3)
  An anaconda zombie (Coc:4)
  A flayed ghost (Depths:3)
  3 swamp dragons (Swamp:4)
  10 deep trolls
  3 sea snakes
  A glowing orange brain (Depths:2)
  A lindwurm (shapeshifter) (Depths:4)
  A spriggan druid (Swamp:4)
  4 naga ritualists
  5 deep elf archers
  A wizard (D:15)
  A harpy (shapeshifter) (Vaults:2)
  An ironbrand convoker (Vaults:1)
  7 orc knights
  5 mana vipers
  A kraken simulacrum (Coc:7)
  An iron dragon zombie (Coc:7)
  16 deep elf magi
  A spectral hydra (Swamp:4)
  A shining eye (shapeshifter) (Depths:5)
  3 wolf spiders
  A necromancer (Depths:3)
  A shining eye (Slime:5)
  3 oklob plants
  3 phantasmal warriors
  A stone giant zombie (Coc:4)
  21 ugly things
  4 salamanders
  7 elephants
  3 guardian serpents
  18 black mambas
  An eye of devastation (Slime:3)
  A frost giant skeleton (Coc:4)
  6 naga magi
  2 titan simulacra (Coc:7)
  3 vault sentinels
  3 torpor snails (Lair:6)
  An ice statue (IceCv)
  2 orange demons (Hell)
  6 spiny frogs
  A komodo dragon (Lair:6)
  A storm dragon simulacrum (Coc:7)
  A rime drake (Lair:3)
  10 ice devils
  A tormentor (Coc:4)
  8 freezing wraiths
  16 yaktaurs
  A tengu conjurer (D:10)
  2 human skeletons (Vaults:1)
  A hydra zombie (Hell)
  6 tyrant leeches
  2 trolls
  A jumping spider (shapeshifter) (Depths:1)
  6 hornets
  A polar bear (Lair:4)
  A harpy skeleton (Coc:7)
  2 bog bodies
  21 slime creatures
  5 blink frogs
  An ettin zombie (Coc:7)
  7 hippogriffs
  3 alligator zombies
  A fire dragon zombie (Coc:2)
  3 flying skulls
  A shadow (Coc:4)
  3 hydra skeletons
  A spriggan (Depths:5)
  An ice dragon skeleton (Coc:7)
  A redback (Lair:6)
  3 water elementals
  3 wraiths
  13 yaks
  4 wyverns (Lair:6)
  3 basilisks
  A black mamba skeleton (Coc:6)
  An ettin skeleton (Hell)
  A golden eye (Slime:5)
  9 vampire mosquitoes
  A redback simulacrum (D:15)
  2 swamp worms (Swamp:4)
  14 nagas
  A warg (D:12)
  2 hydra simulacra (Coc:7)
  3 spiny frog zombies
  11 water moccasins
  3 porcupines
  4 swamp drakes
  13 orc warriors
  A spiny frog skeleton (Coc:7)
  4 ice beasts
  A sky beast (shapeshifter) (Vaults:5)
  An eye of draining (Slime:1)
  A wolf (D:15)
  2 boggarts
  2 phantoms
  7 ogres
  A wolf (shapeshifter) (Depths:4)
  3 centaurs
  2 crocodiles (Lair:6)
  A bullfrog (D:6)
  2 spiny frog simulacra (Lair:4)
  A wyvern skeleton (D:13)
  A scorpion (D:12)
  7 killer bees
  6 wights
  A howler monkey (D:12)
  2 crimson imps
  A quasit (D:8)
  A bullfrog zombie (D:12)
  A fire crab simulacrum (Lair:4)
  A jelly (D:10)
  3 orc priests
  4 hounds
  7 orc wizards
  2 centaur skeletons
  An iguana (D:13)
  2 worker ants
  An ogre skeleton (Coc:4)
  A mummy (Coc:2)
  3 adders
  2 shadow imps
  3 white imps
  A worm (D:4)
  An adder skeleton (D:4)
  28 orcs
  2 jackals (D:10)
  A kobold (D:12)
  A frilled lizard (D:4)
  A kobold skeleton (Coc:7)
  A briar patch (Swamp:4)
  4 fungi
  4 plants
694 creatures vanquished.

Vanquished Creatures (others)
  31 eldritch tentacles
  A fire giant (Depths:4)
  An elemental wellspring (Coc:7)
  A deep elf annihilator (Elf:3)
  An ice dragon (Coc:7)
  A skeletal warrior (Coc:7)
  A faun (shapeshifter) (Depths:4)
  An ugly thing (D:15)
  A freezing wraith (Vaults:5)
  An acid dragon (D:13)
  An ogre (Vaults:5)
  A killer bee (D:10)
  An orc (Vaults:5)
  7 briar patches (Swamp:4)
  4 fire vortices (Slime:5)
  20 fungi
  76 plants
  6 snaplasher vines
  4 starspawn tentacles (Abyss:3)
160 creatures vanquished.

Grand Total: 2617 creatures vanquished

Notes
Turn   | Place    | Note
-------+----------+-------------------------------------------
     0 | D:1      | MordorOrchid the Gnoll Wizard began the quest for the Orb.
     0 | D:1      | Reached XP level 1. HP: 13/13 MP: 8/8
   176 | D:1      | Reached XP level 2. HP: 19/19 MP: 1/10
   188 | D:1      | Learned a level 2 spell: Call Imp
   191 | D:1      | Learned a level 2 spell: Blink
   194 | D:1      | Learned a level 2 spell: Slow
   578 | D:1      | Reached XP level 3. HP: 25/25 MP: 6/11
   583 | D:1      | Learned a level 3 spell: Conjure Flame
   587 | D:1      | Learned a level 3 spell: Mephitic Cloud
   738 | D:2      | Learned a level 3 spell: Confusing Touch
   990 | D:2      | Reached skill level 1 in Invocations
  1022 | D:2      | Reached skill level 1 in Fighting
  1022 | D:2      | Reached skill level 1 in Short Blades
  1022 | D:2      | Reached skill level 1 in Long Blades
  1022 | D:2      | Reached skill level 1 in Axes
  1022 | D:2      | Reached skill level 1 in Maces & Flails
  1022 | D:2      | Reached skill level 1 in Polearms
  1022 | D:2      | Reached skill level 1 in Staves
  1022 | D:2      | Reached skill level 1 in Slings
  1022 | D:2      | Reached skill level 1 in Bows
  1022 | D:2      | Reached skill level 1 in Crossbows
  1022 | D:2      | Reached skill level 1 in Throwing
  1022 | D:2      | Reached skill level 1 in Armour
  1022 | D:2      | Reached skill level 1 in Shields
  1022 | D:2      | Reached skill level 1 in Unarmed Combat
  1022 | D:2      | Reached skill level 1 in Evocations
  1051 | D:2      | Noticed a sky beast
  1074 | D:2      | Killed a sky beast
  1074 | D:2      | Reached skill level 1 in Hexes
  1074 | D:2      | Reached skill level 1 in Charms
  1074 | D:2      | Reached skill level 1 in Necromancy
  1074 | D:2      | Reached skill level 1 in Transmutations
  1074 | D:2      | Reached skill level 1 in Fire Magic
  1074 | D:2      | Reached skill level 1 in Ice Magic
  1074 | D:2      | Reached skill level 1 in Air Magic
  1074 | D:2      | Reached skill level 1 in Earth Magic
  1074 | D:2      | Reached skill level 1 in Poison Magic
  1074 | D:2      | Reached XP level 4. HP: 22/32 MP: 2/13
  1074 | D:2      | Reached XP level 5. HP: 26/37 MP: 2/14
  1434 | D:3      | Found a blossoming altar of Fedhas.
  1994 | D:4      | Noticed a slave
  1994 | D:4      | Noticed a slave
  2116 | D:4      | Reached XP level 6. HP: 44/44 MP: 10/16
  2267 | D:4      | Reached skill level 2 in Invocations
  2699 | D:4      | Reached skill level 5 in Dodging
  2876 | D:4      | Noticed Pikel
  2876 | D:4      | Noticed a slave
  2876 | D:4      | Noticed a slave
  2930 | D:4      | Killed a slave
  2931 | D:4      | Killed a slave
  2945 | D:4      | Killed a slave
  2946 | D:4      | Killed Pikel
  2946 | D:4      | Reached skill level 5 in Stealth
  2946 | D:4      | Reached XP level 7. HP: 51/51 MP: 1/18
  2992 | D:5      | Entered Level 5 of the Dungeon
  3034 | D:5      | Reached skill level 3 in Invocations
  3050 | D:5      | Noticed a fire elemental
  3052 | D:5      | Found a stormy altar of Qazlal.
  3057 | D:5      | Noticed a water elemental
  3057 | D:5      | Noticed an air elemental
  3136 | D:5      | Found a staircase to the Ecumenical Temple.
  3194 | Temple   | Entered the Ecumenical Temple
  3294 | Temple   | Became a worshipper of Sif Muna the Loreminder
  3333 | D:5      | Reached XP level 8. HP: 55/57 MP: 15/19
  3374 | D:5      | Learned a level 1 spell: Animate Skeleton
  3968 | D:6      | Learned a level 1 spell: Apportation
  4394 | D:6      | Reached skill level 4 in Invocations
  4520 | D:6      | Reached XP level 9. HP: 56/65 MP: 7/21
  4600 | D:7      | Reached * piety under Sif Muna
  4640 | D:7      | Found Toaq's General Store.
  4644 | D:7      | Bought a scroll of teleportation for 36 gold pieces
  4644 | D:7      | Bought a potion of curing for 36 gold pieces
  5089 | D:8      | Noticed a hornet
  5113 | D:8      | Killed a hornet
  5167 | D:8      | Noticed a wolf spider
  5168 | D:8      | Found a shimmering altar of Xom.
  5180 | D:8      | Killed a wolf spider
  5180 | D:8      | Reached skill level 5 in Invocations
  5180 | D:8      | Reached XP level 10. HP: 62/73 MP: 6/22
  5181 | D:8      | Found a snail-covered altar of Cheibriados.
  5327 | D:8      | Reached ** piety under Sif Muna
  5377 | D:8      | Learned a level 4 spell: Petrify
  5585 | D:8      | Reached skill level 5 in Fighting
  5585 | D:8      | Reached skill level 5 in Short Blades
  5585 | D:8      | Reached skill level 5 in Long Blades
  5585 | D:8      | Reached skill level 5 in Axes
  5585 | D:8      | Reached skill level 5 in Maces & Flails
  5585 | D:8      | Reached skill level 5 in Polearms
  5585 | D:8      | Reached skill level 5 in Staves
  5585 | D:8      | Reached skill level 5 in Slings
  5585 | D:8      | Reached skill level 5 in Bows
  5585 | D:8      | Reached skill level 5 in Crossbows
  5585 | D:8      | Reached skill level 5 in Throwing
  5585 | D:8      | Reached skill level 5 in Armour
  5585 | D:8      | Reached skill level 5 in Shields
  5585 | D:8      | Reached skill level 5 in Unarmed Combat
  5585 | D:8      | Reached skill level 5 in Evocations
  6048 | D:10     | Entered Level 10 of the Dungeon
  6096 | D:10     | Found a staircase to the Lair.
  6222 | D:10     | Reached skill level 5 in Conjurations
  6222 | D:10     | Reached skill level 5 in Summonings
  6222 | D:10     | Reached skill level 5 in Translocations
  6277 | D:10     | Reached skill level 6 in Invocations
  6425 | D:10     | Noticed a gargoyle
  6437 | D:10     | Killed a gargoyle
  6437 | D:10     | Reached *** piety under Sif Muna
  6578 | D:10     | Learned a level 4 spell: Summon Lightning Spire
  6656 | D:10     | Got a colourful robe
  6718 | D:10     | Identified the +1 robe "Dengal" {rC+ Str+3 Stlth+} (You
                  | found it on level 10 of the Dungeon)
  6733 | D:10     | Noticed a gargoyle
  6735 | D:10     | Killed a gargoyle
  6794 | D:10     | Found Miequfo's Food Boutique.
  6801 | D:10     | Reached XP level 11. HP: 81/81 MP: 13/24
  6882 | D:11     | Noticed a centaur warrior
  6895 | D:11     | Killed a centaur warrior
  6902 | D:11     | Reached skill level 5 in Hexes
  6902 | D:11     | Reached skill level 5 in Charms
  6902 | D:11     | Reached skill level 5 in Necromancy
  6902 | D:11     | Reached skill level 5 in Transmutations
  6902 | D:11     | Reached skill level 5 in Fire Magic
  6902 | D:11     | Reached skill level 5 in Ice Magic
  6902 | D:11     | Reached skill level 5 in Air Magic
  6902 | D:11     | Reached skill level 5 in Earth Magic
  6902 | D:11     | Reached skill level 5 in Poison Magic
  7024 | D:11     | Noticed a five-headed hydra
  7036 | D:11     | Noticed a centaur warrior
  7078 | D:12     | Reached **** piety under Sif Muna
  7099 | D:12     | Noticed Azrael
  7157 | D:12     | Noticed a red ugly thing
  7185 | D:12     | Killed a red ugly thing
  7186 | D:12     | Noticed a manticore
  7193 | D:12     | Killed a manticore
  7219 | D:12     | Noticed Nergalle
  7252 | D:12     | Killed Nergalle
  7269 | D:12     | Reached skill level 7 in Invocations
  7380 | D:12     | Killed an unseen horror
  7721 | D:12     | Found a staircase to the Orcish Mines.
  7822 | D:12     | Reached ***** piety under Sif Muna
  7851 | D:12     | Identified Sif Muna's Grimoire of Transformation (Sif Muna
                  | gifted it to you on level 12 of the Dungeon)
  7851 | D:12     | Received a gift from Sif Muna
  7974 | D:11     | Killed a five-headed hydra
  7974 | D:11     | Reached XP level 12. HP: 37/89 MP: 8/25
  8034 | D:11     | Killed a centaur warrior
  8085 | D:11     | Noticed a four-headed hydra
  8095 | D:11     | Killed a four-headed hydra
  8095 | D:11     | Reached skill level 10 in Spellcasting
  8390 | D:11     | Learned a level 2 spell: Passwall
  8483 | D:7      | Bought the cursed +1 great sword "Cecrian" {vorpal, rElec
                  | rPois} for 358 gold pieces
  8600 | Lair:1   | Entered Level 1 of the Lair of Beasts
  8635 | Lair:1   | Found a runed translucent gate.
  8635 | Lair:1   | Found a runed translucent gate.
  8636 | Lair:1   | Found a runed translucent gate.
  8637 | Lair:1   | Noticed Imnulubo's ghost (novice TeFE)
  9119 | Lair:1   | Noticed Ecricw's ghost (novice DgAE)
  9119 | Lair:1   | Noticed lysyklops's ghost (journeyman DrCj)
  9226 | Lair:1   | Killed Imnulubo's ghost
  9232 | Lair:1   | Killed Ecricw's ghost
  9359 | Lair:1   | Got a faintly glowing steel ring
  9403 | Lair:1   | Killed lysyklops's ghost
  9420 | Lair:1   | Identified the ring "Noora" {rC+ rN+ MR+ Str+6 Dex+4} (You
                  | found it on level 1 of the Lair of Beasts)
  9516 | Lair:2   | Reached skill level 8 in Invocations
  9566 | Lair:2   | Noticed Urug
  9584 | Lair:2   | Killed Urug
  9728 | Lair:2   | Got a translucent shortbow
  9729 | Lair:2   | Identified the +3 shortbow of Tenk {freeze, Fragile MP+9
                  | SInv Stlth+} (You found it on level 2 of the Lair of
                  | Beasts)
  9805 | Lair:2   | Noticed Fannar
  9828 | Lair:2   | Killed Fannar
  9845 | Lair:2   | Noticed a five-headed hydra
  9880 | Lair:2   | Killed a five-headed hydra
 10187 | Lair:3   | Noticed a six-headed hydra
 10200 | Lair:3   | Killed a six-headed hydra
 10258 | Lair:3   | Found a staircase to the Swamp.
 10284 | Lair:3   | Reached XP level 13. HP: 72/98 MP: 4/27
 10381 | Lair:3   | Found a frozen archway.
 10451 | Lair:3   | Noticed Snorg
 10473 | Lair:3   | Killed Snorg
 10486 | IceCv    | Entered an ice cave
 10685 | IceCv    | Found a transporter.
 10705 | IceCv    | Learned a level 5 spell: Borgnjor's Vile Clutch
 10756 | IceCv    | Found a transporter.
 11115 | Lair:3   | Got a spiked plate armour
 11305 | Lair:3   | Found a transporter.
 11308 | Lair:3   | Noticed Kubamp's ghost (journeyman DEAE)
 11313 | Lair:3   | Found a transporter.
 11455 | Lair:4   | Identified Sif Muna's Guide on Boosting Conjuration (Sif
                  | Muna gifted it to you on level 4 of the Lair of Beasts)
 11455 | Lair:4   | Received a gift from Sif Muna
 11544 | Lair:4   | Found a staircase to the Snake Pit.
 12020 | Lair:4   | Found a runed translucent gate.
 12021 | Lair:4   | Found a runed translucent gate.
 12035 | Lair:4   | Noticed Kirke
 12048 | Lair:4   | Found a runed translucent gate.
 12075 | Lair:4   | Reached skill level 9 in Invocations
 12136 | Lair:4   | Noticed Squonk's ghost (journeyman DgIE)
 12823 | Lair:5   | Found a viscous altar of Jiyva.
 12823 | Lair:5   | Found a staircase to the Slime Pits.
 12852 | Lair:6   | Entered Level 6 of the Lair of Beasts
 13118 | Lair:6   | Reached XP level 14. HP: 91/106 MP: 2/29
 13254 | Lair:6   | Received a gift from Sif Muna
 13582 | Lair:6   | Reached skill level 10 in Dodging
 14302 | Lair:6   | Got a shimmering leather armour
 14354 | Lair:6   | Reached skill level 10 in Stealth
 14386 | Lair:6   | Found a runed translucent door.
 14589 | Lair:6   | Identified the +2 leather armour of Raskus {Harm +Fly rPois
                  | Int-3} (You found it on level 6 of the Lair of Beasts)
 15106 | D:12     | Killed Azrael
 15106 | D:12     | Reached skill level 10 in Invocations
 15216 | Orc:1    | Entered Level 1 of the Orcish Mines
 15228 | Orc:1    | Identified Sif Muna's Catalogue of Supportive Conjuration
                  | (Sif Muna gifted it to you on level 1 of the Orcish Mines)
 15228 | Orc:1    | Received a gift from Sif Muna
 15583 | Orc:2    | Entered Level 2 of the Orcish Mines
 15592 | Orc:2    | Found a bloodstained altar of Trog.
 15721 | Orc:2    | Found a staircase to the Elven Halls.
 15890 | Orc:2    | Found Seuran's Assorted Antiques.
 16190 | Orc:2    | Noticed an orc warlord
 16288 | Orc:2    | Identified Sif Muna's Grimoire of Warped Evil Magic (Sif
                  | Muna gifted it to you on level 2 of the Orcish Mines)
 16288 | Orc:2    | Received a gift from Sif Muna
 16335 | Orc:2    | Killed an orc warlord
 16656 | Orc:2    | Found a roughly hewn altar of Beogh.
 16687 | Orc:2    | Reached XP level 15. HP: 106/114 MP: 15/30
 16739 | Orc:2    | Found Ucom's Antique Armour Emporium.
 16756 | Orc:2    | Found Betoe's Jewellery Emporium.
 16780 | Orc:2    | Found Tamoner's General Store.
 16787 | Orc:2    | Bought a scroll of fog for 22 gold pieces
 16787 | Orc:2    | Bought a scroll of identify for 22 gold pieces
 16787 | Orc:2    | Bought a scroll of identify for 22 gold pieces
 16797 | Orc:2    | Found Qiukoegg's Antique Weapon Emporium.
 17034 | Orc:2    | Bought a pair of runed boots for 232 gold pieces
 17039 | Orc:2    | Identified the +4 plate armour of Alyezeuf {rN+} (You found
                  | it on level 3 of the Lair of Beasts)
 17085 | Orc:2    | Bought a shimmering bone amulet for 185 gold pieces
 17085 | Orc:2    | Bought a coral ring for 185 gold pieces
 17090 | Orc:2    | Identified the amulet of Suspicion {Acrobat Str+4} (You
                  | bought it in a shop on level 2 of the Orcish Mines)
 17094 | Orc:2    | Bought a pair of runed boots for 277 gold pieces
 17104 | Orc:2    | Identified a +2 pair of boots of running (You bought it in
                  | a shop on level 2 of the Orcish Mines)
 17151 | Orc:2    | Bought an embroidered scarf for 248 gold pieces
 17167 | Orc:2    | Bought an embroidered scarf for 248 gold pieces
 17355 | D:13     | Found a hazy altar of Hepliaklqana.
 17726 | D:13     | Noticed a fire giant
 17739 | D:13     | Noticed Sonja
 17742 | D:13     | Killed a fire giant
 17748 | D:13     | Killed Sonja
 17795 | D:13     | Found the +3 giant club "Skullcrusher" {speed, Str+7}
 17966 | D:13     | Found Keham's Gadget Shop.
 18192 | D:13     | Reached skill level 10 in Fighting
 18192 | D:13     | Reached skill level 10 in Short Blades
 18192 | D:13     | Reached skill level 10 in Long Blades
 18192 | D:13     | Reached skill level 10 in Axes
 18192 | D:13     | Reached skill level 10 in Maces & Flails
 18192 | D:13     | Reached skill level 10 in Polearms
 18192 | D:13     | Reached skill level 10 in Staves
 18192 | D:13     | Reached skill level 10 in Slings
 18192 | D:13     | Reached skill level 10 in Bows
 18192 | D:13     | Reached skill level 10 in Crossbows
 18192 | D:13     | Reached skill level 10 in Throwing
 18192 | D:13     | Reached skill level 10 in Armour
 18192 | D:13     | Reached skill level 10 in Shields
 18192 | D:13     | Reached skill level 10 in Unarmed Combat
 18192 | D:13     | Reached skill level 10 in Evocations
 18268 | D:13     | Identified Sif Muna's Papyrus of Ghastly Conjuration (Sif
                  | Muna gifted it to you on level 13 of the Dungeon)
 18268 | D:13     | Received a gift from Sif Muna
 18349 | D:13     | Found a gate to the Vaults.
 18513 | D:14     | Found a flagged portal.
 18546 | Bailey   | Entered a bailey
 18679 | Bailey   | Found an iron altar of Okawaru.
 19086 | D:14     | Noticed Jorgrun
 19404 | D:15     | Entered Level 15 of the Dungeon
 19490 | D:15     | Reached skill level 11 in Invocations
 19664 | D:15     | Noticed Roxanne
 19762 | D:15     | Found a staircase to the Depths.
 19927 | D:15     | Reached XP level 16. HP: 103/122 MP: 1/32
 20213 | D:13     | Bought a wand of iceblast (4) for 96 gold pieces
 20399 | Swamp:1  | Entered Level 1 of the Swamp
 20420 | Swamp:1  | Learned a level 5 spell: Bolt of Magma
 20429 | Swamp:1  | Identified Sif Muna's Collected Works on Shape Shifting
                  | (Sif Muna gifted it to you on level 1 of the Swamp)
 20429 | Swamp:1  | Received a gift from Sif Muna
 21160 | Swamp:4  | Entered Level 4 of the Swamp
 21560 | Swamp:4  | Noticed a thorn hunter
 21580 | Swamp:4  | Killed a thorn hunter
 21610 | Swamp:4  | Identified Sif Muna's Handbook of Unstable Unholy Rituals
                  | (Sif Muna gifted it to you on level 4 of the Swamp)
 21610 | Swamp:4  | Received a gift from Sif Muna
 21974 | Swamp:4  | Noticed a thorn hunter
 22034 | Swamp:4  | Killed a thorn hunter
 22177 | Swamp:4  | Found a blossoming altar of Fedhas.
 22185 | Swamp:4  | Found a basalt altar of Yredelemnul.
 22218 | Swamp:4  | Noticed a thorn hunter
 22235 | Swamp:4  | Killed a thorn hunter
 22336 | Swamp:4  | Got a decaying rune of Zot
 22518 | Lair:3   | Learned a level 2 spell: Sticks to Snakes
 22590 | Snake:1  | Entered Level 1 of the Snake Pit
 22590 | Snake:1  | Noticed Aizul
 22598 | Snake:1  | Killed Aizul
 22602 | Snake:1  | Reached XP level 17. HP: 109/131 MP: 8/33
 22612 | Snake:1  | Noticed Rupert
 22627 | Snake:1  | Killed Rupert
 22704 | Snake:1  | Reached skill level 12 in Invocations
 22929 | Snake:1  | Found a runed translucent door.
 22929 | Snake:1  | Found a shimmering altar of Xom.
 22929 | Snake:1  | Noticed Tarias's ghost (adept FoVM)
 23095 | Snake:1  | Noticed Asterion
 23346 | Snake:1  | Killed Asterion
 23783 | Snake:2  | Identified Sif Muna's Reference Book on Harmful Air (Sif
                  | Muna gifted it to you on level 2 of the Snake Pit)
 23783 | Snake:2  | Received a gift from Sif Muna
 24230 | Snake:2  | Reached skill level 10 in Conjurations
 24230 | Snake:2  | Reached skill level 10 in Summonings
 24230 | Snake:2  | Reached skill level 10 in Translocations
 25395 | Snake:4  | Entered Level 4 of the Snake Pit
 25415 | Snake:4  | Reached skill level 10 in Hexes
 25415 | Snake:4  | Reached skill level 10 in Charms
 25415 | Snake:4  | Reached skill level 10 in Necromancy
 25415 | Snake:4  | Reached skill level 10 in Transmutations
 25415 | Snake:4  | Reached skill level 10 in Fire Magic
 25415 | Snake:4  | Reached skill level 10 in Ice Magic
 25415 | Snake:4  | Reached skill level 10 in Air Magic
 25415 | Snake:4  | Reached skill level 10 in Earth Magic
 25415 | Snake:4  | Reached skill level 10 in Poison Magic
 25479 | Snake:4  | Found Othougeth's Food Emporium.
 25479 | Snake:4  | Found Weatsock's Magic Scroll Shoppe.
 25523 | Snake:4  | Bought a scroll of teleportation for 42 gold pieces
 25523 | Snake:4  | Bought a scroll of fog for 28 gold pieces
 25523 | Snake:4  | Bought a scroll of teleportation for 42 gold pieces
 25550 | Snake:4  | Identified Sif Muna's Guide on Creative Self-Improvement
                  | (Sif Muna gifted it to you on level 4 of the Snake Pit)
 25550 | Snake:4  | Received a gift from Sif Muna
 25602 | Snake:4  | Noticed Mara
 25620 | Snake:4  | Killed Mara
 25620 | Snake:4  | Reached XP level 18. HP: 100/139 MP: 17/35
 26544 | Snake:4  | Reached skill level 13 in Invocations
 26788 | Snake:4  | Identified Sif Muna's Grimoire of the Dislocated Oath (Sif
                  | Muna gifted it to you on level 4 of the Snake Pit)
 26788 | Snake:4  | Received a gift from Sif Muna
 27032 | Snake:4  | Got a serpentine rune of Zot
 27241 | Lair:4   | Killed Kirke
 27490 | Vaults:1 | Entered Level 1 of the Vaults
 27500 | D:13     | Upgraded the game from 0.25.0-3-gd7cc5688da to
                  | 0.25.0-8-gfd19cd77bd
 27595 | Vaults:2 | Noticed Xtahua
 27741 | Vaults:1 | Found a gateway to a bazaar.
 27748 | Vaults:1 | Found Exzif's Magic Scroll Shoppe.
 27753 | Bazaar   | Entered a bazaar
 27761 | Bazaar   | Found Zyis's Antique Weapon Shoppe.
 27772 | Bazaar   | Found Edeshra Votta's Antique Weapon Emporium.
 27787 | Bazaar   | Found Osoopseq's Antique Armour Shoppe.
 27798 | Bazaar   | Found Haxuediz's Antique Armour Emporium.
 27803 | Bazaar   | Bought a polished scale mail for 189 gold pieces
 27825 | Vaults:1 | Identified the +10 scale mail of Old and Reckless {rC++ rN+
                  | Str+3 Dex-5} (You bought it in a shop in a bazaar)
 27831 | Vaults:1 | Bought a scroll of teleportation for 54 gold pieces
 27831 | Vaults:1 | Bought a scroll of teleportation for 54 gold pieces
 27831 | Vaults:1 | Bought a scroll of fog for 36 gold pieces
 27831 | Vaults:1 | Bought a scroll of identify for 36 gold pieces
 27831 | Vaults:1 | Bought a scroll of identify for 36 gold pieces
 27831 | Vaults:1 | Bought a scroll of identify for 36 gold pieces
 27831 | Vaults:1 | Bought a scroll of enchant weapon for 135 gold pieces
 27831 | Vaults:1 | Bought a scroll of enchant weapon for 135 gold pieces
 27927 | Vaults:1 | Noticed Frederick
 27942 | Vaults:1 | Killed Frederick
 27987 | Vaults:1 | Noticed Sojobo
 28137 | Vaults:1 | Reached XP level 19. HP: 119/147 MP: 28/36
 28531 | Vaults:1 | Killed Sojobo
 28612 | Vaults:2 | Identified Sif Muna's Almanac of Displacement (Sif Muna
                  | gifted it to you on level 2 of the Vaults)
 28612 | Vaults:2 | Received a gift from Sif Muna
 28889 | Vaults:2 | Noticed Donald
 28899 | Vaults:2 | Killed Donald
 29029 | Vaults:2 | Identified Sif Muna's Handbook of the Escort and Clay (Sif
                  | Muna gifted it to you on level 2 of the Vaults)
 29029 | Vaults:2 | Received a gift from Sif Muna
 29594 | Vaults:2 | Learned a level 6 spell: Statue Form
 29618 | Vaults:3 | Reached XP level 20. HP: 155/155 MP: 32/38
 29667 | Vaults:3 | Reached skill level 14 in Invocations
 30101 | Vaults:3 | Noticed Margery
 30119 | Vaults:3 | Killed Margery
 30125 | Vaults:3 | Identified Sif Muna's Tome of Dark Illusion (Sif Muna
                  | gifted it to you on level 3 of the Vaults)
 30125 | Vaults:3 | Received a gift from Sif Muna
 30393 | Vaults:3 | Noticed Bai Suzhen
 30783 | Vaults:3 | Found Byudgh's Distillery.
 30817 | Vaults:3 | Bought a potion of heal wounds for 65 gold pieces
 30817 | Vaults:3 | Bought a potion of mutation for 104 gold pieces
 30817 | Vaults:3 | Bought a potion of mutation for 104 gold pieces
 30820 | Vaults:3 | Bought a potion of haste for 130 gold pieces
 30820 | Vaults:3 | Bought a potion of might for 52 gold pieces
 30820 | Vaults:3 | Bought a potion of curing for 39 gold pieces
 30820 | Vaults:3 | Bought a potion of curing for 39 gold pieces
 30853 | Vaults:3 | Killed Bai Suzhen
 30970 | Vaults:3 | Found a staircase to the Crypt.
 30970 | Vaults:3 | Found an ancient bone altar of Kikubaaqudgha.
 30971 | Vaults:3 | Found a basalt altar of Yredelemnul.
 31093 | Vaults:4 | Got a translucent helmet
 31094 | Vaults:4 | Identified the cursed -7 helmet of Polish {Dex+4} (You
                  | found it on level 4 of the Vaults)
 31266 | Vaults:4 | Identified Sif Muna's Catalogue of Shifting Confrontation
                  | (Sif Muna gifted it to you on level 4 of the Vaults)
 31266 | Vaults:4 | Received a gift from Sif Muna
 31686 | Vaults:4 | Reached XP level 21. HP: 136/163 MP: 5/39
 32271 | Elf:1    | Entered Level 1 of the Elven Halls
 32370 | Elf:1    | Reached skill level 15 in Spellcasting
 32718 | Elf:2    | Identified Sif Muna's Handbook of Creation (Sif Muna gifted
                  | it to you on level 2 of the Elven Halls)
 32718 | Elf:2    | Received a gift from Sif Muna
 33112 | Elf:2    | Found a portal to a secret trove of treasure.
 33200 | Elf:3    | Entered Level 3 of the Elven Halls
 33248 | Elf:3    | Cast into level 3 of the Abyss (a deep elf demonologist)
 33401 | Abyss:3  | Noticed an ancient lich
 33414 | Abyss:3  | Killed an ancient lich
 33417 | Abyss:3  | Found a corrupted altar of Lugonu.
 33550 | Elf:3    | Escaped the Abyss
 33743 | Elf:3    | Reached skill level 15 in Invocations
 33858 | Elf:2    | Found a runed translucent gate.
 33859 | Elf:2    | Found a runed translucent gate.
 33861 | Elf:2    | Found a runed translucent gate.
 34237 | Elf:3    | Identified Sif Muna's Guide on Gliding Toxins (Sif Muna
                  | gifted it to you on level 3 of the Elven Halls)
 34237 | Elf:3    | Received a gift from Sif Muna
 34601 | Elf:3    | Reached XP level 22. HP: 143/172 MP: 22/41
 34642 | Elf:3    | Identified the ring of Ibouwink {+Fly MR+ Str+7}
 34653 | Elf:3    | Identified the ring of Ebbef {Wiz rC+ Int+2 Stlth+}
 34691 | Elf:3    | Identified the Volume of Flamy Enhancements
 34715 | Elf:3    | Identified Hiseixec's Handbook of Entrancing Transmigration
 34734 | Elf:3    | Identified the amulet of Akhy {RegenMP rF+} (You found it
                  | on level 3 of the Elven Halls)
 35213 | Lair:4   | Killed Squonk's ghost
 35255 | Lair:4   | Learned a level 5 spell: Irradiate
 35261 | Lair:4   | Learned a level 5 spell: Summon Forest
 35335 | Slime:1  | Entered Level 1 of the Pits of Slime
 35627 | Slime:3  | Identified Sif Muna's Papyrus of the Blistering Entourage
                  | (Sif Muna gifted it to you on level 3 of the Pits of Slime)
 35627 | Slime:3  | Received a gift from Sif Muna
 35810 | Slime:5  | Entered Level 5 of the Pits of Slime
 36045 | Slime:5  | Found a viscous altar of Jiyva.
 36046 | Slime:5  | Noticed the Royal Jelly
 36049 | Slime:5  | Found the brooch of Shielding {Spirit SH+8}
 36058 | Slime:5  | Killed the Royal Jelly
 36058 | Slime:5  | Reached skill level 15 in Dodging
 36130 | Slime:5  | Identified A Thorough Guide to Spellcasting
 36156 | Slime:5  | Identified the +7 mace of the Warrior {distort, Str+3 Int-5
                  | Dex+4} (You found it on level 5 of the Pits of Slime)
 36157 | Slime:5  | Got a slimy rune of Zot
 36185 | Slime:5  | Identified the +3 ring mail of the Lost Smoking Eyes {Harm
                  | *Slow rPois Dex+4} (You found it on level 5 of the Pits of
                  | Slime)
 36187 | Slime:5  | Identified the +1 robe "Carch" {Int+5} (You found it on
                  | level 5 of the Pits of Slime)
 36209 | Slime:5  | Identified the Incunabulum of Curses
 36222 | Slime:5  | Identified the ring "Fieq" {rElec Str+2 Dex+6 Stlth+} (You
                  | found it on level 5 of the Pits of Slime)
 36398 | Lair:3   | Killed Kubamp's ghost
 36628 | Depths:1 | Entered Level 1 of the Depths
 36640 | Depths:1 | Reached skill level 15 in Stealth
 36748 | Depths:1 | Found a corrupted altar of Lugonu.
 36881 | Depths:1 | Found a one-way gate leading to the halls of Pandemonium.
 36923 | Depths:1 | Received a gift from Sif Muna
 37150 | Depths:1 | Identified the cursed +2 short sword of Qoush {drain,
                  | +Rage} (You found it on level 1 of the Depths)
 37233 | Depths:1 | Reached XP level 23. HP: 179/179 MP: 32/42
 37294 | Depths:1 | Found Ycsosh's Gadget Shoppe.
 37294 | Depths:1 | Found Deytt's Jewellery Shop.
 37295 | Depths:1 | Found Guivuog's Gadget Shoppe.
 37304 | Depths:1 | Bought a wand of iceblast (7) for 176 gold pieces
 37672 | Depths:2 | Identified Sif Muna's Catalogue of Attacks and Moulding
                  | (Sif Muna gifted it to you on level 2 of the Depths)
 37672 | Depths:2 | Received a gift from Sif Muna
 37725 | Depths:2 | Reached skill level 16 in Invocations
 37756 | Depths:2 | Noticed a juggernaut
 37780 | Depths:2 | Killed a juggernaut
 37897 | Depths:2 | Found a gateway to Hell.
 38208 | Depths:2 | Identified the cursed -9 kite shield of Vesch {rElec}
 38210 | Depths:2 | Reached skill level 15 in Fighting
 38210 | Depths:2 | Reached skill level 15 in Short Blades
 38210 | Depths:2 | Reached skill level 15 in Long Blades
 38210 | Depths:2 | Reached skill level 15 in Axes
 38210 | Depths:2 | Reached skill level 15 in Maces & Flails
 38210 | Depths:2 | Reached skill level 15 in Polearms
 38210 | Depths:2 | Reached skill level 15 in Staves
 38210 | Depths:2 | Reached skill level 15 in Slings
 38210 | Depths:2 | Reached skill level 15 in Bows
 38210 | Depths:2 | Reached skill level 15 in Crossbows
 38210 | Depths:2 | Reached skill level 15 in Throwing
 38210 | Depths:2 | Reached skill level 15 in Armour
 38210 | Depths:2 | Reached skill level 15 in Shields
 38210 | Depths:2 | Reached skill level 15 in Unarmed Combat
 38210 | Depths:2 | Reached skill level 15 in Evocations
 38355 | Hell     | Entered the Vestibule of Hell
 38355 | Hell     | Noticed Geryon
 38384 | Hell     | Killed Geryon
 38635 | Hell     | Noticed Murray
 38650 | Hell     | Killed Murray
 38781 | Hell     | Found a gateway to the decaying netherworld of Tartarus.
 38869 | Hell     | Found a gateway to the ashen valley of Gehenna.
 38985 | Hell     | Received a gift from Sif Muna
 38997 | Hell     | Found a gateway to the Iron City of Dis.
 39060 | Hell     | Found a gateway to the freezing wastes of Cocytus.
 39199 | Depths:3 | Reached XP level 24. HP: 189/189 MP: 26/43
 39351 | Depths:3 | Reached ****** piety under Sif Muna
 39475 | Depths:3 | Identified Sif Muna's Handbook of Entrancing Stolen Souls
                  | (Sif Muna gifted it to you on level 3 of the Depths)
 39475 | Depths:3 | Received a gift from Sif Muna
 39492 | Depths:3 | Found a one-way gate to the infinite horrors of the Abyss.
 39870 | Depths:3 | Found a gateway to a ziggurat.
 40250 | Depths:4 | Identified Sif Muna's Tome of Supportive Fire (Sif Muna
                  | gifted it to you on level 4 of the Depths)
 40250 | Depths:4 | Received a gift from Sif Muna
 40703 | Depths:4 | Reached skill level 17 in Invocations
 40734 | Depths:5 | Entered Level 5 of the Depths
 40919 | Depths:5 | Reached XP level 25. HP: 197/197 MP: 43/43
 40961 | Depths:5 | Identified Sif Muna's Almanac of Sinister Magic and Curses
                  | (Sif Muna gifted it to you on level 5 of the Depths)
 40961 | Depths:5 | Received a gift from Sif Muna
 41479 | Depths:5 | Found a gate to the Realm of Zot.
 41539 | Depths:5 | Gained mutation: Armour fits poorly on your strangely
                  | shaped body. [a shining eye]
 41613 | Depths:5 | Noticed a juggernaut
 41625 | Depths:5 | Killed a juggernaut
 41707 | Depths:5 | Upgraded the game from 0.25.0-8-gfd19cd77bd to
                  | 0.25.0-9-g26727b657a
 41734 | Hell     | Learned a level 7 spell: Malign Gateway
 41756 | Hell     | Learned a level 4 spell: Passage of Golubria
 42009 | Vaults:3 | Bought a potion of curing for 39 gold pieces
 42009 | Vaults:3 | Bought a potion of curing for 39 gold pieces
 42009 | Vaults:3 | Bought a potion of invisibility for 104 gold pieces
 42009 | Vaults:3 | Bought a potion of invisibility for 104 gold pieces
 42009 | Vaults:3 | Bought a potion of magic for 104 gold pieces
 42021 | Vaults:4 | You fall into a shaft and drop 1 floor!
 42021 | Vaults:5 | Entered Level 5 of the Vaults
 42082 | Vaults:5 | Received a gift from Sif Muna
 42082 | Vaults:5 | Identified the +1 shadow dragon scales of the Sturgeon
                  | {rPois rF+ MP+9 Str-2 Stlth++++}
 42240 | Vaults:5 | Found Juluygue's Food Emporium.
 42240 | Vaults:5 | Found Ynloafai's Distillery.
 42245 | Vaults:5 | Bought a potion of mutation for 152 gold pieces
 42251 | Vaults:5 | Found Ara Qits's Magic Scroll Shop.
 42255 | Vaults:5 | Bought a scroll of teleportation for 45 gold pieces
 42255 | Vaults:5 | Bought a scroll of fear for 52 gold pieces
 42262 | Vaults:5 | Found Koneugri's Magic Scroll Shop.
 42262 | Vaults:5 | Found Acwufu Vema's Food Shoppe.
 42270 | Vaults:5 | Got a silver rune of Zot
 42291 | Vaults:5 | Noticed an ancient lich
 42301 | Vaults:5 | Killed an ancient lich
 42336 | Vaults:5 | Bought a scroll of fog for 40 gold pieces
 42336 | Vaults:5 | Bought a scroll of blinking for 150 gold pieces
 42344 | Vaults:5 | Found Xesien's Distillery.
 42344 | Vaults:5 | Found Zafafoats's Distillery.
 42348 | Vaults:5 | Bought a potion of heal wounds for 85 gold pieces
 42352 | Vaults:5 | Bought a potion of mutation for 88 gold pieces
 42361 | Vaults:5 | Found Ked Zelas's Distillery.
 42363 | Vaults:5 | Bought a potion of resistance for 220 gold pieces
 42363 | Vaults:5 | Bought a potion of heal wounds for 110 gold pieces
 42363 | Vaults:5 | Bought a potion of magic for 176 gold pieces
 42755 | Vaults:5 | Identified the cursed +1 hand crossbow of Xucrim {elec,
                  | Int+4}
 42810 | Vaults:5 | Reached XP level 26. HP: 177/206 MP: 26/44
 43048 | Vaults:5 | Identified the +2 buckler "Ibligh" {rElec Str+2}
 43201 | Vaults:5 | Bought a scroll of enchant weapon for 112 gold pieces
 43225 | Vaults:5 | Bought a potion of haste for 190 gold pieces
 43225 | Vaults:5 | Bought 2 potions of might for 152 gold pieces
 43237 | Vaults:5 | Bought a potion of haste for 170 gold pieces
 43237 | Vaults:5 | Bought a potion of haste for 170 gold pieces
 43237 | Vaults:5 | Bought a potion of magic for 136 gold pieces
 43237 | Vaults:5 | Bought a potion of might for 68 gold pieces
 43240 | Vaults:5 | Bought a potion of might for 44 gold pieces
 43240 | Vaults:5 | Bought a potion of cancellation for 88 gold pieces
 43240 | Vaults:5 | Bought a potion of curing for 33 gold pieces
 43262 | Vaults:5 | Bought a potion of haste for 220 gold pieces
 43262 | Vaults:5 | Bought a potion of might for 88 gold pieces
 43262 | Vaults:5 | Bought a potion of might for 88 gold pieces
 43262 | Vaults:5 | Bought a potion of invisibility for 176 gold pieces
 43483 | Depths:1 | Identified Tamayng's Incunabulum of Icy Good Luck (Sif Muna
                  | gifted it to you on level 1 of the Depths)
 43483 | Depths:1 | Received a gift from Sif Muna
 43554 | Coc:1    | Entered Level 1 of Cocytus
 43797 | Coc:7    | Entered Level 7 of Cocytus
 43936 | Coc:7    | Noticed a shard shrike
 43939 | Coc:7    | Noticed a shard shrike
 43939 | Coc:7    | Identified Sif Muna's Compendium of Supportive Intoxication
                  | (Sif Muna gifted it to you on level 7 of Cocytus)
 43939 | Coc:7    | Received a gift from Sif Muna
 43944 | Coc:7    | Killed a shard shrike
 43951 | Coc:7    | Killed a shard shrike
 43976 | Coc:7    | Reached skill level 18 in Invocations
 44155 | Coc:7    | Identified the +7 crystal plate armour of a Labyrinth {Harm
                  | MR+ Str+2}
 44171 | Coc:7    | HP: 12/267 [something (5)]
 44195 | Coc:7    | HP: 6/206 [bone dragon[the effects of Hell] (10)]
 44744 | Coc:7    | Identified the ring of Wu Jian's Envy {*Contam rN+ Str+2
                  | Dex+4 Slay+4}
 44744 | Coc:7    | Noticed Antaeus
 44762 | Coc:7    | HP: 13/269 [Antaeus/the +7 mace of Variability {chain
                  | chaos} (50)]
 44762 | Coc:7    | Slain by Antaeus

Illustrated notes

Levels and vault maps discovered:
D:1:      dpeg_arrival_central, layout_basic
D:2:      cheibrodos_old_hovel, layout_basic, hangedman_decor_growths
D:3:      layout_loops_ring, fedhas_altar_3
D:4:      minmay_octagon_keep, layout_loops_corners, minmay_misc_feat_room,
          uniq_pikel
D:5:      layout_loops_ring, nicolae_qazlal_style_of_elements,
          minmay_temple_entry_stoned_glass, first_ration,
          minmay_a_box_with_orc_wizards_in_it
D:6:      minmay_evil_eye, layout_basic, minivault_14
D:7:      layout_rooms, serial_shops, shop
D:8:      layout_rooms, jmf_multi_god_temple
D:9:      layout_basic
D:10:     layout_stronghold, dpeg_oklobed_lair, serial_shops, shop,
          grunt_tengu_nest
D:11:     layout_big_octagon
D:12:     layout_irregular_city, kennysheep_orc_monster_closet_entryway,
          uniq_nergalle, uniq_azrael
D:13:     layout_basic, grunt_vaults_entry_tiered, serial_shops,
          kennysheep_mini, basic_altar, minmay_radiant, uniq_sonja
D:14:     layout_gridville, enter_bailey_8, nicolae_two_hexagons,
          chequers_serial_rivers_micro_d, uniq_jorgrun
D:15:     hangedman_depths_entry_civil_slaughter, layout_gridville, serial_ice,
          serial_ice_g, serial_ice_a, serial_ice_l, serial_ice_f,
          minmay_misc_feat_columns, chequers_serial_rivers_marsh,
          billiards_dpeg, uniq_roxanne
Temple:   grunt_wide_crystal_templ
Lair:1:   layout_long_grid, gammafunk_ghost_cemetery, grunt_megastairs_3
Lair:2:   layout_gridlike, minmay_lair_oklob_chamber, uniq_urug, uniq_fannar
Lair:3:   layout_long_grid, skrybe_swamp_entry_bodies, gammafunk_ghost_arena,
          portal_ice_cave_rime, minmay_holes, serial_bayou_pond_d, uniq_snorg
Lair:4:   layout_regular_city, minmay_snake_entry_guardpost_small,
          gammafunk_ghost_necromancy, kilobyte_rumbling_trees, uniq_kirke
Lair:5:   layout_layer_cave, slime_altar_1
Lair:6:   hangedman_lair_tendril_chambers, layout_cave_pods, wormcave
Swamp:1:  layout_falls_marsh, hangedman_swamp_ruin_hall
Swamp:2:  layout_basic_swamp, nicolae_swamp_godswood, swamp_pool2,
          lightli_tree_ring
Swamp:3:  layout_falls_marsh, nicolae_swamp_triple_paths, swamp_pool1
Swamp:4:  byrel_swamp_growth_death_and_undeath, layout_basic_swamp, swamp_pool4
Snake:1:  layout_grid_shapes, ebering_ghost_xom, serial_bayou_pond_c,
          lemuel_fruit_tree, uniq_rupert, uniq_asterion, uniq_aizul
Snake:2:  kennysheep_snake, layout_grid_shapes, serial_bayou_lagoon_a,
          nicolae_snake_single_loop
Snake:3:  nicolae_cobra_stairs, layout_basic, serial_shops, shop, st_stairs_7
Snake:4:  grunt_snake_rune_serpentine_throne, layout_cave_town,
          serial_bayou_lake_a, minmay_shoptagon, uniq_mara
Slime:1:  layout_caves
Slime:2:  layout_caves
Slime:3:  layout_caves
Slime:4:  layout_caves
Slime:5
Orc:1:    layout_diamond_mine
Orc:2:    grunt_orc_cross, layout_diamond_mine, serial_shops,
          nicolae_shop_overgrown_old_shop, basic_altar
Elf:1:    minmay_elf_arrival_plus, layout_loops_ring, minivault_28
Elf:2:    layout_gridlike, nicolae_trove_entry_path_of_doom, st_stairs_14,
          uniq_saint_roka
Elf:3:    minmay_elf_hall_curves, layout_geoelf_castle
Vaults:1: vaults_mumra_chevron_long, vaults_standard_mumra_enter_the_diamond,
          ontoclasm_vaults_tryst, hangedman_vaults_capsules, sword_in_stone,
          v_misc_27, vaults_room_pool, nicolae_vaults_rhombus_5,
          ontoclasm_vaults_pinch, layout_vaults_omnigrid, serial_shops,
          bzr_in_the_mist, shop
Vaults:2: nicolae_vaults_octagons, v_misc_17, nicolae_vaults_puzzle_piece,
          hangedman_vaults_river_flow, nicolae_vaults_border_crossing,
          hangedman_vaults_stitches, hangedman_vaults_maws, vaults_room_hallway,
          hangedman_vaults_snaps, vaults_dpeg_cross, vaults_dpeg_ring,
          layout_vaults_omnibox, uniq_donald, uniq_xtahua
Vaults:3: minmay_crypt_entry_necro_gods, ontoclasm_vaults_eye, v_misc_10,
          vaults_room_door_hall, vaults_mumra_hex,
          nicolae_vaults_twisting_passages, ontoclasm_vaults_ring_square,
          nicolae_vaults_alarming, v_alt_pattern_3,
          nicolae_vaults_ring_of_whatevers, v_alt_pattern_1,
          vaults_room_hangedman_quadrants, layout_vaults_ring, serial_shops,
          nicolae_shop_trees, uniq_margery, uniq_bai_suzhen
Vaults:4: nicolae_vaults_puzzle_piece, ontoclasm_vaults_shuriken,
          nicolae_vaults_asterisk, v_misc_23, ontoclasm_vaults_ligature,
          hangedman_vaults_maws, hangedman_vaults_stagger, v_misc_19,
          vaults_mumra_hexcomb, layout_vaults_maze_snakey
Vaults:5
Depths:1: layout_gridville, pf_dread_powers_of_hell, serial_sigils,
          serial_sigils_hangedman_gut, serial_sigils_hangedman_etch,
          serial_sigils_hangedman_quiver, serial_sigils_hangedman_stare,
          pan_entry, tgw_lugonu_bribe, minmay_shop_grove
Depths:2: minmay_the_grid_3x2 [minmay_the_grid_outer_diamond,
          minmay_the_grid_broken_lines, minmay_the_grid_tree,
          minmay_the_grid_mess, minmay_the_grid_spin_star,
          minmay_the_grid_prize_four_corners_diamond_b], layout_cave_pools,
          hell_entry, grunt_pan_entry_zigzag, minmay_variable_closet,
          hangedman_corner_corridor
Depths:3: minmay_imperfect_grid, layout_basic, enter_ziggurat_e,
          hangedman_abyss_entry_splay, hell_entry, rand_demon_pan_entry_4,
          kb_rosetta
Depths:4: hangedman_crystal_crosses_colossus [crystal_crosses_arms_four,
          crystal_crosses_arms_four, crystal_crosses_arms_two,
          crystal_crosses_arms_one], pan_entry, hell_entry, abyss_entry
Depths:5: grunt_zot_entry_gee_three, layout_gridville, abyss_entry,
          chequers_serial_rivers_small_3, grunt_hell_entry_dis_mu
Hell
Coc:1:    layout_cocytus_water_paths
Coc:2:    layout_ice_bergs
Coc:3:    layout_cocytus_delve
Coc:4:    layout_cocytus_water_paths
Coc:5:    layout_cocytus_water_paths
Coc:6:    layout_cocytus_delve
Coc:7:    coc_hangedman

Skill      XL: |  1  2  3  4  5  6  7  8  9 10 11 12 13 14 15 16 17 18 19 20 21 22 23 24 25 26 |
---------------+-------------------------------------------------------------------------------+-----
Conjurations   | 2 3 4 5 6 7 8 9 10 11 12 13 14 | 14.6
Summonings     | 2 3 4 5 6 7 8 9 10 11 12 13 14 | 14.6
Translocations | 2 3 4 5 6 7 8 9 10 11 12 13 14 | 14.6
Invocations    | 1 2 3 4 5 6 7 8 9 10 11 12 13 14 15 16 17 18 | 18.1
Fighting       | 1 2 3 4 5 6 7 8 9 10 11 12 13 14 15 16 | 16.8
Short Blades   | 1 2 3 4 5 6 7 8 9 10 11 12 13 14 15 16 | 16.8
Long Blades    | 1 2 3 4 5 6 7 8 9 10 11 12 13 14 15 16 | 16.8
Axes           | 1 2 3 4 5 6 7 8 9 10 11 12 13 14 15 16 | 16.8
Maces & Flails | 1 2 3 4 5 6 7 8 9 10 11 12 13 14 15 16 | 16.8
Polearms       | 1 2 3 4 5 6 7 8 9 10 11 12 13 14 15 16 | 16.8
Staves         | 1 2 3 4 5 6 7 8 9 10 11 12 13 14 15 16 | 16.8
Slings         | 1 2 3 4 5 6 7 8 9 10 11 12 13 14 15 16 | 16.8
Bows           | 1 2 3 4 5 6 7 8 9 10 11 12 13 14 15 16 | 16.8
Crossbows      | 1 2 3 4 5 6 7 8 9 10 11 12 13 14 15 16 | 16.8
Throwing       | 1 2 3 4 5 6 7 8 9 10 11 12 13 14 15 16 | 16.8
Armour         | 1 2 3 4 5 6 7 8 9 10 11 12 13 14 15 16 | 16.8
Shields        | 1 2 3 4 5 6 7 8 9 10 11 12 13 14 15 16 | 16.8
Unarmed Combat | 1 2 3 4 5 6 7 8 9 10 11 12 13 14 15 16 | 16.8
Evocations     | 1 2 3 4 5 6 7 8 9 10 11 12 13 14 15 16 | 16.8
Hexes          | 1 2 3 4 5 6 7 8 9 10 11 12 13 14 | 14.5
Charms         | 1 2 3 4 5 6 7 8 9 10 11 12 13 14 | 14.5
Necromancy     | 1 2 3 4 5 6 7 8 9 10 11 12 13 14 | 14.5
Transmutations | 1 2 3 4 5 6 7 8 9 10 11 12 13 14 | 14.5
Fire Magic     | 1 2 3 4 5 6 7 8 9 10 11 12 13 14 | 14.5
Ice Magic      | 1 2 3 4 5 6 7 8 9 10 11 12 13 14 | 14.5
Air Magic      | 1 2 3 4 5 6 7 8 9 10 11 12 13 14 | 14.5
Earth Magic    | 1 2 3 4 5 6 7 8 9 10 11 12 13 14 | 14.5
Poison Magic   | 1 2 3 4 5 6 7 8 9 10 11 12 13 14 | 14.5
Dodging        | 5 6 7 8 9 10 11 12 13 14 15 16 17 | 17.2
Stealth        | 5 6 7 8 9 10 11 12 13 14 15 16 17 | 17.2
Spellcasting   | 8 9 10 11 12 13 14 15 16 17 | 17.9

Action                   |  1- 3 |  4- 6 |  7- 9 | 10-12 | 13-15 | 16-18 | 19-21 | 22-24 | 25-27 || total
-------------------------+-------+-------+-------+-------+-------+-------+-------+-------+-------++-------
Melee: Hand axe          |    41 |    63 |    85 |       |       |       |       |       |       ||   189
       Bite              |       |     9 |    16 |    43 |    87 |    81 |    95 |   105 |    30 ||   466
       Punch             |       |     1 |     1 |       |     2 |       |       |       |       ||     4
       Whip              |       |       |     8 |       |       |       |       |       |       ||     8
       Mace              |       |       |     6 |       |       |       |       |       |       ||     6
       Morningstar       |       |       |    49 |   309 |   254 |   500 |   487 |       |       ||  1599
       Dagger            |       |       |       |     8 |    26 |       |       |       |       ||    34
       Great sword       |       |       |       |    60 |   256 |       |       |       |       ||   316
       Staff             |       |       |       |       |     2 |       |       |       |       ||     2
       Short sword       |       |       |       |       |     5 |     2 |    12 |     5 |     1 ||    25
       Demon trident     |       |       |       |       |       |       |   184 |   844 |   357 ||  1385
       Unarmed           |       |       |       |       |       |       |       |    16 |    66 ||    82
 Fire: Hunting sling     |       |       |    16 |    61 |   194 |    24 |       |       |       ||   295
       Shortbow          |       |       |       |     5 |       |       |       |       |       ||     5
Throw: Dart              |       |    40 |    31 |    13 |       |       |       |       |     1 ||    85
       Boomerang         |       |       |       |    26 |   111 |   265 |   146 |   152 |    37 ||   737
       Javelin           |       |       |       |       |    12 |     9 |    13 |       |     3 ||    37
 Cast: Magic Dart        |    51 |    61 |   100 |    75 |     8 |       |       |       |     1 ||   296
       Mephitic Cloud    |     1 |     7 |    16 |    51 |   100 |    40 |    70 |    25 |    26 ||   336
       Conjure Flame     |       |     8 |     9 |     7 |     3 |       |       |       |       ||    27
       Call Imp          |       |    14 |    14 |    22 |    10 |     2 |       |       |       ||    62
       Animate Skeleton  |       |       |    15 |    71 |   164 |   139 |   169 |   110 |    86 ||   754
       Apportation       |       |       |    14 |    87 |   174 |    80 |    87 |   175 |    40 ||   657
       Petrify           |       |       |       |    10 |    14 |       |       |       |       ||    24
       Summon Lightning  |       |       |       |    23 |    76 |    80 |    65 |    63 |    29 ||   336
       Slow              |       |       |       |     8 |     3 |     1 |       |       |       ||    12
       Passwall          |       |       |       |    55 |    86 |    76 |    31 |    78 |    26 ||   352
       Blink             |       |       |       |     7 |    12 |     8 |     4 |    15 |    15 ||    61
       Confusing Touch   |       |       |       |     1 |     3 |       |       |       |       ||     4
       Borgnjor's Vile C |       |       |       |       |    69 |   129 |   145 |   175 |   125 ||   643
       Bolt of Magma     |       |       |       |       |       |    16 |    28 |    67 |    47 ||   158
       Sticks to Snakes  |       |       |       |       |       |    37 |    27 |    42 |    10 ||   116
       Statue Form       |       |       |       |       |       |       |    11 |    41 |    37 ||    89
       Summon Forest     |       |       |       |       |       |       |       |    15 |     6 ||    21
       Fire Storm        |       |       |       |       |       |       |       |     1 |       ||     1
       Passage of Golubr |       |       |       |       |       |       |       |       |    77 ||    77
       Malign Gateway    |       |       |       |       |       |       |       |       |    32 ||    32
       Irradiate         |       |       |       |       |       |       |       |       |     2 ||     2
       Death's Door      |       |       |       |       |       |       |       |       |     1 ||     1
Invok: Channel Magic     |       |       |       |       |     3 |     7 |    10 |     3 |     7 ||    30
       Divine Exegesis   |       |       |       |       |       |       |       |     1 |     1 ||     2
 Abil: End Transformatio |       |       |       |       |       |       |       |     2 |     2 ||     4
       Evoke Invisibilit |       |       |       |       |       |       |       |       |     2 ||     2
Evoke: Wand              |       |       |     1 |    16 |    24 |    18 |     2 |     4 |     1 ||    66
  Use: Scroll            |       |     7 |     7 |    14 |    17 |    13 |     6 |    11 |     6 ||    81
       Potion            |       |       |     1 |     2 |     6 |       |       |     4 |     6 ||    19
 Stab: Sleeping          |     2 |     4 |       |     6 |     8 |     1 |     5 |    13 |     3 ||    42
       Confused          |       |     6 |    12 |    22 |    68 |    24 |    43 |    15 |    16 ||   206
       Petrified         |       |       |       |     8 |     5 |       |       |       |       ||    13
       Distracted        |       |       |       |     3 |    10 |    12 |    16 |    29 |    17 ||    87
       Paralysed         |       |       |       |       |     2 |     1 |     2 |     2 |     1 ||     8
       Invisible         |       |       |       |       |     1 |       |       |     5 |       ||     6
  Eat: Chunk             |       |     6 |     7 |    19 |    36 |    28 |    27 |    19 |    12 ||   154
       Ration            |       |       |       |       |     3 |     4 |       |     3 |     4 ||    14
Armor: Robe              |     7 |     3 |       |       |       |       |       |       |       ||    10
       Ring mail         |       |     2 |    46 |    97 |       |       |       |       |       ||   145
       Leather armour    |       |     2 |       |       |       |       |       |       |       ||     2
       Skin              |       |       |       |    50 |       |       |    23 |   126 |   176 ||   375
       Scale mail        |       |       |       |    36 |   135 |     8 |    61 |    63 |    26 ||   329
       Chain mail        |       |       |       |       |       |   138 |    32 |       |       ||   170
Dodge: Dodged            |    31 |    46 |   104 |   295 |   404 |   279 |   282 |   555 |   522 ||  2518
       Repelled          |       |       |       |       |     1 |    29 |    24 |    33 |    14 ||   101
Block: Buckler           |       |       |     6 |    94 |    24 |       |       |       |       ||   124
       Kite shield       |       |       |       |       |    47 |   340 |   319 |   471 |   430 ||  1607
       Rpst.: Great sword |       |       |       |    17 |    52 |       |       |       |       ||    69
